 Dungeon Crawl Stone Soup version 0.27-a0-1557-g57f10a385c (webtiles) character file.

Game seed: 15924697795408445111

100 Tocho the Ogre Mage (level 4, 0/36 HPs)
             Began as an Ogre Fire Elementalist on July 15, 2021.
             Slain by an orc priest (6 damage)
             ... on level 3 of the Dungeon.
             The game lasted 00:07:08 (2291 turns).

Tocho the Ogre Mage (Ogre Fire Elementalist)        Turns: 2291, Time: 00:07:08

Health: 0/36       AC:  3    Str: 12    XL:     4   Next: 74%
Magic:  6/9        EV: 10    Int: 15    God:
Gold:   65         SH:  0    Dex: 22    Spells: 9/10 levels left

rFire    . . .     SeeInvis .   m - +1 quarterstaff (spect)
rCold    . . .     Faith    .   (shield currently unavailable)
rNeg     . . .     Spirit   .   a - +0 robe
rPois    .         Reflect  .   (helmet restricted)
rElec    .         Harm     .   (no cloak)
rCorr    .         Rampage  +   (gloves unavailable)
Will     .....                  (boots unavailable)
Stlth    +.........             c - amulet of the Moon {Rampage Regen+ Dex+7 Stlth-}
HPRegen  1.12/turn              b - +6 ring of dexterity
MPRegen  0.11/turn              (no ring)

@: no status effects
A: large, unfitting armour, tough skin 1, horns 1, dopey 1, frail 1, noise
suppression
a: no special abilities


You were on level 3 of the Dungeon.
You visited 1 branch of the dungeon, and saw 3 of its levels.

You collected 65 gold pieces.

Inventory:

Hand Weapons
 d - a +0 short sword
 k - a +2 vorpal hand axe
 m - a +1 spectral quarterstaff (weapon)
Missiles
 f - 10 boomerangs
Armour
 a - a +0 robe (worn)
Jewellery
 b - a +6 ring of dexterity (left hand)
 c - the amulet of the Moon (around neck) {Rampage Regen+ Dex+7 Stlth-}
   (You acquired it on level 2 of the Dungeon)

   [amulet of regeneration]

   Dex:       It affects your dexterity (+7).
   Regen:     It increases your rate of health regeneration.
   Rampage:   It bestows one free step when moving towards enemies.
   Stlth:     It makes you less stealthy.
 j - an amulet of guardian spirit
 o - an amulet of the acrobat
Scrolls
 e - a scroll of fear {unknown}
 g - a scroll of fog
 h - a scroll of blinking {unknown}
 n - a scroll of immolation {unknown}
Potions
 i - a potion of curing
 l - 2 potions of magic {unknown}


   Skills:
 + Level 0.7 Fighting
 + Level 0.4 Short Blades
 + Level 0.2 Staves
 + Level 1.9 Dodging
 + Level 1.5 Stealth
 + Level 0.4 Unarmed Combat
 + Level 3.6 Spellcasting
 + Level 1.5 Conjurations
 + Level 3.4 Fire Magic


You had 9 spell levels left.
You knew the following spells:

 Your Spells              Type           Power      Damage    Failure   Level
a - Foxfire               Conj/Fire      40%        2x1d6     7%          1

Your spell library contained the following spells:

 Spells                   Type           Power      Damage    Failure   Level
 Conjure Flame            Conj/Fire      10%        6-21      21%         3
 Inner Flame              Hex/Fire       7%         N/A       28%         3
 Dazzling Flash           Conj/Hex       10%        N/A       38%         3
 Sticky Flame             Conj/Fire      10%        2d3       56%         4
 Fireball                 Conj/Fire      5%         3d5       88%         5
 Agony                    Necr           2%         N/A       99%         5
 Silence                  Hex/Air        1%         N/A       99%         5


Dungeon Overview and Level Annotations

Branches:
Dungeon (3/15)

Altars:

Shops:
D:1 (


Innate Abilities, Weirdness & Mutations

You are too large for most types of armour.
You have tough skin. (AC +1)
You have a pair of small horns on your head.
You are dopey. (Int -2)
You are frail. (-10% HP)
You passively dampen the noise of your surroundings.


Message History

The orc hits you with a +0 whip.
The orc priest calls down the wrath of Beogh upon you.
Beogh smites you! The orc barely misses you.
Casting: Foxfire (safe; 7% risk of failure)
Press: ? - help, Q - select action, (/) - cycle Dir - look around, f - activate You conjure some foxfire!
The foxfire hits the orc priest.
The orc priest is heavily wounded.
The foxfire hits the orc priest but does no damage.
The orc priest is heavily wounded.
The orc hits you with a +0 short sword. The orc completely misses you.
The orc priest looks encouraged for a moment.
The orc hits you with a +0 club.
Your foxfire dissipates!
The foxfire hits the orc.
You kill the orc!
You closely miss the orc. Your headbutt misses the orc.
The orc closely misses you.
The orc priest miscasts a cantrip.
The orc barely misses you.
You hit the orc. Your headbutt misses the orc.
The orc is heavily wounded.
The orc hits you with a +0 short sword.
You closely miss the orc. You headbutt the orc.
You kill the orc!
The orc priest calls down the wrath of Beogh upon you.
Beogh smites you!
* * * LOW HITPOINT WARNING * * *
It was a potion of curing.
You feel better. The orc hits you with a +0 mace.
You hit the orc. You headbutt the orc, but do no damage.
The orc is heavily wounded.
The orc hits you but does no damage.
You hit the orc.
The orc is almost dead.
The orc hits you with a +0 mace. The orc hits you with a +0 mace!
* * * LOW HITPOINT WARNING * * *
You sock the orc!
You kill the orc!
The orc priest hits you with a +0 mace.
You die...

.######
......###########
.#.......##.....#
.#.##.##.##.....#
.#.##...........##
##.#####.#..)....#
#.# #.#......o#
... o.#.##.##o#
#.. o....##.##@#
.#.. ......##.##.#
.# ..............
.#
..............##
#...### ... #...
##.


You could see an orc priest and an orc.

Vanquished Creatures
  2 adders
  A gnoll (D:1)
  2 worms (D:2)
  2 dart slugs
  3 orcs (D:3)
  5 ball pythons
  4 endoplasms
  A giant cockroach (D:3)
  3 hobgoblins
  10 jackals
  A quokka (D:2)
  6 bats
  3 frilled lizards
  7 goblins
  2 kobolds
  5 rats
57 creatures vanquished.

Vanquished Creatures (others)
  103 foxfires
103 creatures vanquished.

Grand Total: 160 creatures vanquished

Notes
Turn   | Place    | Note
-------+----------+-------------------------------------------
     0 | D:1      | Tocho the Ogre Fire Elementalist began the quest for the
                  | Orb.
     0 | D:1      | Reached XP level 1. HP: 16/16 MP: 3/3
   113 | D:1      | Reached XP level 2. HP: 8/24 MP: 0/5
   594 | D:1      | Reached skill level 1 in Conjurations
   749 | D:1      | Found Donkyil's Antique Weapon Emporium.
   847 | D:1      | Found a faded altar of an unknown god.
   857 | D:1      | Reached XP level 3. HP: 31/31 MP: 4/7
  1556 | D:2      | Reached XP level 4. HP: 39/40 MP: 8/8
  2015 | D:2      | Identified a scroll of acquirement
  2018 | D:2      | Gained mutation: You are dopey. (Int -2) [potion of
                  | mutation]
  2018 | D:2      | Gained mutation: You have a pair of small horns on your
                  | head. [potion of mutation]
  2018 | D:2      | Gained mutation: You are frail. (-10% HP) [potion of
                  | mutation]
  2018 | D:2      | Gained mutation: You passively dampen the noise of your
                  | surroundings. [potion of mutation]
  2019 | D:2      | Acquired the amulet of the Moon {Rampage Regen+ Dex+7
                  | Stlth-}
  2291 | D:3      | Slain by an orc priest

Illustrated notes

Levels and vault maps discovered:
D:1:      lightli_arrival_boilingwater, layout_loops_ring,
          shapermc_ecumenical_altar_totnotflames, serial_shops,
          nicolae_shop_statue_plus, st_stairs_12, chequers_arboretum
D:2:      layout_rooms, kennysheep_cluttered_room
D:3:      layout_loops_cross, mainiacjoe_overflow_boulevard

Skill      XL: |  1  2  3 |
---------------+----------+-----
Fire Magic     | 3 |  3.4
Conjurations   | 1 |  1.5
Spellcasting   | 3 |  3.6
Fighting       | |  0.7
Short Blades   | |  0.4
Staves         | |  0.2
Dodging        | |  1.9
Stealth        | |  1.5
Unarmed Combat | |  0.4

Action                   |  1- 3 |  4- 6 || total
-------------------------+-------+-------++-------
Melee: Unarmed           |    28 |       ||    28
       Quarterstaff      |    14 |    20 ||    34
       Short sword       |     4 |       ||     4
       Hand axe          |     2 |       ||     2
       Headbutt          |       |     4 ||     4
 Cast: Foxfire           |    47 |    18 ||    65
  Use: Scroll            |       |     4 ||     4
       Potion            |       |     2 ||     2
 Stab: Sleeping          |       |     1 ||     1
Armor: Robe              |    15 |     6 ||    21
Dodge: Dodged            |    19 |    12 ||    31

Table legend: (Time is in decaauts)
 A = Elapsed time spent in this place.
 B = Non-inter-level travel time spent in this place.
 C = Inter-level travel time spent in this place.
 D = Time resting spent in this place.
 E = Time spent auto-exploring this place.
 F = Levels seen in this place.
 G = Mean time per level.
                   A        B        C        D        E       F      G
               +--------+--------+--------+--------+--------+-----+--------+
         Total |   2301 |   2255 |     46 |    221 |   1673 |   3 |  767.0 |
       Dungeon |   2301 |   2255 |     46 |    221 |   1673 |   3 |  767.0 |
               +--------+--------+--------+--------+--------+-----+--------+

Top non-repeatable levels by time:
     D:1: 1266 daAuts
     D:2: 766 daAuts
     D:3: 267 daAuts
